 Dungeon Crawl Stone Soup version 0.28-a0-382-g33c4956463 (webtiles) character file.

Game seed: 11391695587983993262

112 Majang the Sneak (level 4, 0/26 HPs)
             Began as a Vampire Brigand on Sept 2, 2021.
             Killed by divine providence
             ... invoked by an orc priest
              (12 damage)
             ... on level 3 of the Dungeon.
             The game lasted 00:10:28 (2363 turns).

Majang the Sneak (Vampire Brigand)                  Turns: 2363, Time: 00:10:28

Health: 0/26       AC:  6    Str: 10    XL:     4   Next: 63%
Magic:  4/4        EV: 11    Int: 13    God:
Gold:   73         SH:  0    Dex: 22    Spells: 3/3 levels left

rFire   . . .      SeeInvis +   a - +2 dagger
rCold   + + .      Faith    .   (no shield)
rNeg    + + +      Spirit   .   m - +0 ring mail
rPois   ∞          Reflect  .   (no helmet)
rElec   .          Harm     .   c - +0 cloak
rCorr   .          Rampage  .   (no gloves)
Will    +....                   (no boots)
Stlth   +++++.....              (no amulet)
HPRegen 0.00/turn               g - ring of willpower
MPRegen 0.09/turn               l - +6 ring of dexterity

@: bloodless, inhibited regen
A: bloodless, fangs 3, see invisible, vampiric 2
a: Bat Form, Revivify


You were on level 3 of the Dungeon.
You visited 1 branch of the dungeon, and saw 3 of its levels.

You collected 73 gold pieces.

Inventory:

Hand Weapons
 a - a +2 dagger (weapon)
 b - a +0 short sword
Missiles
 d - 10 poisoned darts (quivered)
 e - 2 curare-tipped darts
Armour
 c - a +0 cloak (worn)
 m - a +0 ring mail (worn)
Jewellery
 g - a ring of willpower (left hand)
 l - a +6 ring of dexterity (right hand)
Scrolls
 f - a scroll of teleportation {unknown}
 h - a scroll of identify {unknown}
 i - a scroll of torment {unknown}
 k - a scroll of holy word {unknown}
Potions
 j - a potion of heal wounds {unknown}


   Skills:
 + Level 2.1 Fighting
 * Level 3.5 Short Blades
 + Level 2.1 Throwing
 + Level 1.0 Armour
 + Level 2.0 Dodging
 + Level 6.5 Stealth


You had 3 spell levels left.
You didn't know any spells.
Your spell library was empty.

Dungeon Overview and Level Annotations

Branches:
Dungeon (3/15)

Altars:

Shops:
D:2 :

Annotations:
D:2 Sigmund


Innate Abilities, Weirdness & Mutations

You do not regenerate when monsters are visible.
You are frail without blood (-20% HP).
You can heal yourself when you bite living creatures.
You are immune to poison.
You have razor-sharp teeth.
You have supernaturally acute eyesight. (SInv)
You are afflicted with vampirism and can become a bat while bloodless.


Message History

There is a stone staircase leading up here.
Things that are here:
a +0 ring mail; a +0 short sword
Things that are here:
a +0 chain mail; a +0 mace; an orc corpse An orc priest comes into view.
It is wielding a +0 flail.
Found a club.
The orc priest moves out of view.
Throw: 14 darts (poison)
Press: ? - help, Q - select action, (/) - cycle Shift-Dir - straight line, f - orc priest
Aim: an orc priest, wielding a +0 flail (wandering, hasn't noticed you, 65% to hit)
You throw a poisoned dart.
The poisoned dart barely misses the orc priest.
The orc priest shouts!
You hear a shout! x2
The orc priest miscasts a cantrip.
Throw: 13 darts (poison)
Press: ? - help, Q - select action, (/) - cycle Shift-Dir - straight line, f/p - orc priest
Aim: an orc priest, wielding a +0 flail (65% to hit)
You throw a poisoned dart. The poisoned dart hits the orc priest!
The orc priest is poisoned.
Unknown command.
Throw: 12 darts (poison)
Press: ? - help, Q - select action, (/) - cycle Shift-Dir - straight line, f/p - orc priest
Aim: an orc priest, wielding a +0 flail (lightly wounded, very poisoned, 65% to hit)
You throw a poisoned dart.
The poisoned dart barely misses the orc priest.
Throw: 11 darts (poison)
Press: ? - help, Q - select action, (/) - cycle Shift-Dir - straight line, f/p - orc priest
Aim: an orc priest, wielding a +0 flail (lightly wounded, very poisoned, 65% to hit)
You throw a poisoned dart. The poisoned dart hits the orc priest.
The orc priest looks even sicker.
The orc priest is lightly wounded.
The orc priest shouts!
The orc priest mumbles some strange prayers to Beogh against you.
Beogh smites you!
Ouch! That really hurt!
A kobold comes into view.
It is wielding a +0 trident and quivering poisoned darts.
The orc priest invokes the aid of Beogh against you.
Beogh smites you!
You die...

# # #. .#
#.#####. ...#..
# #.#)# #
####.#..[###.#
.........[<..#
####.##.######
####.##@#
........#######
####.#.........
#...........
###.o#######
######.K#####
#...).......#
#.####o.###.#
#..#


You could see 2 orc priests and a kobold.

Vanquished Creatures
  A gnoll (D:1)
  4 adders (D:2)
  2 worms (D:2)
  A dart slug (D:2)
  4 orcs
  A ball python (D:1)
  5 endoplasms
  3 giant cockroaches
  8 goblins
  10 hobgoblins
  4 kobolds
  A quokka (D:1)
  2 bats
  A frilled lizard (D:1)
  5 rats
52 creatures vanquished.

Vanquished Creatures (others)
  6 withered plants (D:1)
6 creatures vanquished.

Grand Total: 58 creatures vanquished

Notes
Turn   | Place    | Note
-------+----------+-------------------------------------------
     0 | D:1      | Majang the Vampire Brigand began the quest for the Orb.
     0 | D:1      | Reached XP level 1. HP: 16/16 MP: 1/1
   125 | D:1      | Reached XP level 2. HP: 17/22 MP: 2/2
   270 | D:1      | Reached skill level 6 in Stealth
   795 | D:1      | Found a faded altar of an unknown god.
   822 | D:1      | Gained mutation: You are afflicted with vampirism and can
                  | become a bat while bloodless. [Vampire growth]
   822 | D:1      | Reached XP level 3. HP: 7/21 MP: 3/3
  1607 | D:2      | Reached XP level 4. HP: 26/26 MP: 4/4
  1738 | D:2      | Found Gifriu's Book Shoppe.
  1885 | D:2      | Noticed Sigmund
  2047 | D:1      | Reached skill level 1 in Armour
  2363 | D:3      | Killed from afar by an orc priest

Illustrated notes

Levels and vault maps discovered:
D:1:      dpeg_arrival_simpleton_b, layout_basic,
          ebering_ecumenical_altar_petrified
D:2:      layout_basic, serial_shops, shop, uniq_sigmund
D:3:      layout_loops_ring

Skill      XL: |  1  2  3  4 |
---------------+-------------+-----
Stealth        | 6 |  6.5
Fighting       | 2 |  2.1
Short Blades   | 3 |  3.5
Throwing       | 2 |  2.1
Dodging        | 2 |  2.0
Armour         | 1 |  1.0

Action                   |  1- 3 |  4- 6 || total
-------------------------+-------+-------++-------
Melee: Dagger            |   111 |    43 ||   154
       Bite              |    13 |     2 ||    15
Throw: Dart              |     8 |    10 ||    18
 Abil: Exsanguinate      |     1 |       ||     1
 Stab: Sleeping          |    10 |     6 ||    16
       Distracted        |     1 |       ||     1
Armor: Leather armour    |    15 |       ||    15
       Ring mail         |     4 |     6 ||    10
Dodge: Dodged            |    43 |    15 ||    58

Table legend: (Time is in decaauts)
 A = Elapsed time spent in this place.
 B = Non-inter-level travel time spent in this place.
 C = Inter-level travel time spent in this place.
 D = Time resting spent in this place.
 E = Time spent auto-exploring this place.
 F = Levels seen in this place.
 G = Mean time per level.
                   A        B        C        D        E       F      G
               +--------+--------+--------+--------+--------+-----+--------+
         Total |   2337 |   2223 |    114 |    752 |    776 |   3 |  779.0 |
       Dungeon |   2337 |   2223 |    114 |    752 |    776 |   3 |  779.0 |
               +--------+--------+--------+--------+--------+-----+--------+

Top non-repeatable levels by time:
     D:1: 1409 daAuts
     D:2: 884 daAuts
     D:3: 43 daAuts
